 Dungeon Crawl Stone Soup version 0.27.0-1-g7a089689b8 (webtiles) character file.

Game seed: 388804679607358913

151 inmateoo the Ruffian (level 5, -1/60 HPs)
             Began as a Palentonga Transmuter on Aug 2, 2021.
             Slain by a scorpion (3 damage)
             ... on level 4 of the Dungeon.
             The game lasted 00:03:25 (3343 turns).

inmateoo the Ruffian (Palentonga Transmuter)        Turns: 3343, Time: 00:03:25

Health: -1/60      AC: 26    Str: 13    XL:     5   Next: 10%
Magic:  8/9        EV:  1    Int: 15    God:
Gold:   121        SH:  0    Dex: 10    Spells: 3/9 levels left

rFire    . . .     SeeInvis +     - Unarmed
rCold    . . .     Faith    .   (no shield)
rNeg     + + +     Spirit   .   (armour currently unavailable)
rPois    +         Reflect  .   (helmet currently unavailable)
rElec    .         Harm     .   (cloak currently unavailable)
rCorr    .         Rampage  .   (gloves currently unavailable)
Will     .....     NoTele   +   (no barding)
Stlth    +.........             (no amulet)
HPRegen  0.20/turn              e - +4 ring of protection
MPRegen  0.11/turn              (no ring)

@: lethally poisoned (-1 -> -2), tree-form, wereblooded
A: stationary, stasis, torment immunity, boosted hp, large, rugged brown scales
3, see invisible, (deformed body), (roll 1), (armoured tail)
a: no special abilities


You were on level 4 of the Dungeon.
You were a tree.
You visited 1 branch of the dungeon, and saw 4 of its levels.

You collected 157 gold pieces.
You spent 36 gold pieces at shops.

Inventory:

Armour
 a - a +1 robe (melded)
 g - a scarf of resistance (melded)
 j - a +2 pair of gloves (melded)
Jewellery
 e - a +4 ring of protection (left branch)
Wands
 d - a wand of mindburst (7)
Scrolls
 h - a scroll of teleportation
Potions
 b - 3 potions of curing
 c - 2 potions of lignification
 f - a potion of heal wounds {unknown}
 l - 3 potions of degeneration {unknown}


   Skills:
 + Level 2.2 Fighting
 - Level 2.0 Dodging
 + Level 3.7 Unarmed Combat
 + Level 2.8 Spellcasting
 + Level 2.9 Transmutations
 + Level 1.1 Poison Magic


You had 3 spell levels left.
You knew the following spells:

 Your Spells              Type           Power      Damage    Failure   Level
a - Beastly Appendage     Tmut           20%        N/A       6%          1
b - Wereblood             Tmut           10%        N/A       10%         2
c - Spider Form           Tmut/Pois      4%         N/A       26%         3

Your spell library contained the following spells:

 Spells                   Type           Power      Damage    Failure   Level
 Tukima's Dance           Hex            2%         N/A       52%         3
 Ice Form                 Ice/Tmut       6%         N/A       73%         4
 Passage of Golubria      Tloc           N/A        N/A       90%         4
 Yara's Violent Unravell  Hex/Tmut       3%         3d4       97%         5


Dungeon Overview and Level Annotations

Branches:
Dungeon (4/15)
 Temple: D:4-7

Altars:
Ru

Shops:
D:1 [   D:2 !

Annotations:
D:3 Terence


Innate Abilities, Weirdness & Mutations

You are a tree.
Your roots penetrate the ground, keeping you stationary.
You cannot be teleported.
You are immune to unholy pain and torment.
Your maximum health is greatly increased.
Your equipment is partially melded.
(You are completely covered in rugged brown scales. (AC +3, +7% HP))
You have supernaturally acute eyesight. (SInv)
((Armour fits poorly on your strangely shaped body.))
((You can roll at nearby foes to attack.))
((You have a long armoured tail.))


Message History

The scorpion is heavily wounded.
You feel very sick.
The scorpion stings you but does no damage.
You are too injured to fight recklessly!
You closely miss the scorpion. You headbutt the scorpion.
The scorpion is heavily wounded.
You feel sick.
The scorpion stings you but does no damage.
You are too injured to fight recklessly!
You hit the scorpion but do no damage.
The scorpion is heavily wounded.
You feel sick.
The scorpion stings you but does no damage.
You barely miss the scorpion.
You claw the scorpion, but do no damage.
The scorpion is heavily wounded.
You feel sick. The scorpion stings you!
* * * LOW HITPOINT WARNING * * *
You barely miss the scorpion.
The scorpion is heavily wounded.
Your transformation is almost over.
You feel sick. The scorpion closely misses you.
Really quaff the potion of lignification?
Your horns disappear.
Your talons disappear.
You turn into a tree.
Your scarf of resistance melds into your body.
Your +2 pair of gloves melds into your body.
Your +1 robe melds into your body.
You feel hot and cold all over.
Your roots penetrate the ground.
You feel sick. The scorpion stings you.
* * * LOW HITPOINT WARNING * * *
You hit the scorpion.
The scorpion is severely wounded.
You feel sick.
The scorpion stings you but does no damage.
You hit the scorpion.
The scorpion is almost dead.
You feel sick.
The scorpion stings you but does no damage.
The scorpion stings you.
You die...

##...###.#... ####*
####.......####.
#...*##.####.....####.
#...##...###.......#..
#....#................
*#...##............#..
##..##.....>.....##..
#...s#.##.........#..
#...♣.....<......####
##...............# #
*#................####
#.....................
##.............(......
##............>......
#...................
##..................
**#............##..


You could see a scorpion.

Vanquished Creatures
  4 gnolls (D:3)
  4 adders
  An adder skeleton (D:4)
  9 ball pythons
  4 bats
  5 endoplasms
  A giant cockroach (D:3)
  7 goblins
  10 hobgoblins
  7 jackals
  4 kobolds
  5 quokkas
  A frilled lizard (D:1)
  4 rats
66 creatures vanquished.

Notes
Turn   | Place    | Note
-------+----------+-------------------------------------------
     0 | D:1      | inmateoo the Palentonga Transmuter began the quest for the
                  | Orb.
     0 | D:1      | Reached XP level 1. HP: 16/16 MP: 3/3
   606 | D:1      | Reached XP level 2. HP: 22/22 MP: 3/5
   698 | D:1      | Found a faded altar of an unknown god.
   720 | D:1      | Found Borphe Ruxka's Armour Shoppe.
  1435 | D:2      | Learned a level 2 spell: Wereblood
  1509 | D:2      | Reached XP level 3. HP: 27/27 MP: 2/6
  1514 | D:2      | Learned a level 3 spell: Spider Form
  1557 | D:2      | Found Juopho Robbi's Distillery.
  1560 | D:2      | Bought a potion of curing for 36 gold pieces
  1855 | D:2      | Found a sacrificial altar of Ru.
  2371 | D:3      | Noticed Terence
  2380 | D:3      | Reached XP level 4. HP: 28/35 MP: 4/7
  2743 | D:3      | Reached skill level 1 in Poison Magic
  2959 | D:4      | Reached XP level 5. HP: 40/40 MP: 5/9
  3342 | D:4      | HP: 3/60 [poisoned by a scorpion]
  3343 | D:4      | Slain by a scorpion

Illustrated notes

Levels and vault maps discovered:
D:1:      heliophobic_arrival_glass_houses, layout_loops_corners,
          basic_ecumenical_altar, serial_forest, infiniplex_forest_clump_small,
          infiniplex_forest_join, infiniplex_forest_join,
          infiniplex_forest_lined_2, infiniplex_forest_lined_2,
          infiniplex_forest_straight_4, infiniplex_forest_lined_corner,
          serial_shops, nicolae_shop_behind_doors, columned_hall_lemuel
D:2:      layout_loops_ring, serial_shops, nicolae_shop_behind_doors,
          basic_altar
D:3:      layout_loops_cross, uniq_terence
D:4:      layout_cave_pools

Skill      XL: |  1  2  3  4 |
---------------+-------------+-----
Dodging        | 2 |  2.0
Fighting       | 2 |  2.2
Poison Magic   | 1 |  1.1
Unarmed Combat | |  3.7
Spellcasting   | |  2.8
Transmutations | |  2.9

Action                   |  1- 3 |  4- 6 || total
-------------------------+-------+-------++-------
Melee: Unarmed           |   136 |    79 ||   215
       Kick              |    20 |    12 ||    32
       Tailslap          |     7 |     6 ||    13
       Headbutt          |     9 |     5 ||    14
 Cast: Beastly Appendage |    18 |     9 ||    27
       Wereblood         |     9 |     8 ||    17
  Use: Scroll            |     2 |     6 ||     8
       Potion            |       |     1 ||     1
 Stab: Sleeping          |       |     1 ||     1
Armor: Robe              |    66 |    41 ||   107
       Skin              |       |     2 ||     2
Dodge: Dodged            |    68 |    36 ||   104
